Map: King's Cove LE

Players

Mez

  • Race: Terran Terran
  • League: Master
  • Spawn Location: 5:00

A.I. 1 (Very Easy) - Winner!

  • Race: Protoss Protoss
  • Spawn Location: 11:00

VOD

Have the link to the VOD?

Description

Time

  • Played on: Aug. 9, 2019, 7:19 a.m.
  • Length: 10:11
Show
View Real Time Build Order
Export as new Build Order

Mez Terran 

Build Orders: Reaper Expand 

Get SALT Encoding   

  12  0:00  SCV  
  13  0:13  SCV  
  14  0:18  Supply Depot  
  14  0:25  SCV  
  15  0:39  SCV  
  15  0:41  Barracks  
  16  0:45  Refinery  
  16  0:51  SCV  
  17  1:03  SCV  
  18  1:16  SCV  
  19  1:29  Reaper, Orbital Command  
  20  1:43  Command Center  
  20  1:51  Bunker  
  20  1:55  SCV  
  21  2:03  Barracks Reactor  
  21  2:11  SCV  
  21  2:13  Supply Depot  
  22  2:24  SCV  
  23  2:36  SCV  
  24  2:39  Marine x2  
  24  2:42  Factory  
  26  2:48  SCV  
  27  2:56  Orbital Command  
  27  2:57  Marine x2  
  29  3:01  SCV  
  30  3:12  Command Center  
  30  3:13  SCV  
  30  3:15  Marine x2  
  33  3:20  Refinery  
  33  3:22  SCV  
  36  3:27  Widow Mine  
  36  3:33  Starport  
  36  3:35  SCV  
  36  3:36  SCV  
  36  3:39  Marine  
  36  3:41  Marine  
  40  3:47  SCV  
  41  3:48  Refinery  
  41  3:51  Widow Mine, Supply Depot  
  41  3:54  SCV  
  44  3:59  SCV  
  44  4:01  Marine  
  46  4:11  Starport Tech Lab  
  46  4:12  Marine  
  46  4:13  SCV x2  
  49  4:19  Marine  
  49  4:21  Factory Tech Lab  
  50  4:25  Orbital Command  
  50  4:28  Supply Depot  
  50  4:30  SCV x2, Marine  
  50  4:31  Raven  
  55  4:37  Barracks  
  55  4:42  Siege Tank  
  55  4:43  SCV x2  
  60  4:51  SCV  
  61  4:53  Barracks  
  61  4:59  SCV x2  
  63  5:02  Supply Depot  
  63  5:03  SCV  
  64  5:11  SCV x2  
  66  5:14  Siege Tank  
  66  5:19  SCV  
  70  5:22  Engineering Bay  
  70  5:23  SCV  
  70  5:24  Engineering Bay, Starport Reactor, SCV  
  70  5:27  Refinery  
  72  5:32  Marine x2  
  72  5:34  Stimpack, Marine, Orbital Command  
  75  5:42  Barracks Tech Lab  
  75  5:43  Supply Depot  
  75  5:47  SCV x2  
  75  5:48  Siege Tank, Barracks x2  
  80  6:00  SCV x3  
  80  6:03  Terran Infantry Armor Level 1, Marine, Terran Infantry Weapons Level 1  
  80  6:04  Marine x3  
  84  6:10  Supply Depot  
  87  6:12  SCV, Supply Depot  
  87  6:13  Supply Depot  
  87  6:15  Medivac  
  87  6:16  Medivac  
  92  6:19  SCV  
  93  6:30  Combat Shield  
  93  6:32  SCV x3, Marine, Marauder x2  
  101  6:33  Marine  
  101  6:36  Supply Depot  
  102  6:44  Barracks Reactor, SCV x2, Barracks Tech Lab  
  104  6:48  SCV  
  104  6:49  Refinery, Marine  
  104  6:52  Refinery, Marine  
  104  6:53  Marine  
  104  6:54  Medivac x2  
  110  6:56  SCV  
  113  7:02  SCV  
  113  7:03  SCV  
  115  7:09  Marauder x2  
  115  7:11  Factory Reactor  
  115  7:14  SCV  
  115  7:15  SCV x2  
  122  7:16  Marine  
  122  7:17  Armory, Marauder  
  122  7:20  Supply Depot  
  122  7:22  Supply Depot  
  125  7:23  Supply Depot  
  125  7:24  Missile Turret  
  125  7:25  Missile Turret  
  125  7:31  Missile Turret  
  125  7:41  Marine x3  
  125  7:42  SCV, Medivac x2  
  125  7:43  Marine x2  
  125  7:44  SCV, Marauder x2  
  140  7:52  Supply Depot  
  140  7:53  Supply Depot x2  
  140  7:54  Supply Depot  
  140  7:55  Supply Depot  
  140  7:56  Supply Depot  
  140  7:57  Concussive Shells  
  140  7:59  Marine  
  140  8:00  Marauder  
  140  8:01  Widow Mine x2  
  140  8:02  Marine  
  140  8:05  Ghost Academy  
  148  8:09  Marine  
  149  8:13  Marine  
  150  8:25  Marine x2  
  150  8:26  Marauder x2  
  156  8:31  Barracks  
  156  8:39  Starport  
  156  8:40  Supply Depot  
  156  8:45  Command Center, Barracks  
  156  8:46  Barracks  
  156  8:47  Ghost  
  156  8:48  Ghost  
  160  8:50  Liberator x2  
  160  8:54  Ghost, Marine x3  
  160  8:55  Marine  
  166  8:56  Widow Mine  
  166  8:57  Widow Mine  
  166  9:02  Liberator  
  176  9:18  Marine x4, Marauder x2  
  187  9:28  Fusion Core  
  189  9:31  Marauder  
  189  9:36  Marine x2, Barracks  
  189  9:38  Barracks  
  191  9:39  Marauder  
  191  9:40  Barracks  
Show
View Real Time Build Order
Export as new Build Order

A.I. 1 (Very Easy) Protoss - Winner!

Build Orders:  

Get SALT Encoding   

  12  0:00  Probe  
  13  0:13  Probe  
  14  0:21  Pylon  
  14  0:37  Assimilator  
  14  0:42  Gateway  
  14  0:47  Pylon  
  14  1:18  Assimilator  
  14  1:25  Probe  
  14  1:31  Zealot  
  17  1:33  Probe, Cybernetics Core  
  18  1:41  Probe  
  19  1:51  Probe  
  20  2:00  Warp Gate  
  20  2:01  Probe  
  21  2:09  Probe  
  22  2:39  Stalker  
  24  6:57  Probe  
  25  7:02  Adept  
  25  7:03  Pylon  
  25  7:05  Probe  
  25  7:06  Robotics Facility  
  26  7:10  Nexus  
  26  7:13  Probe  
  27  7:21  Probe  
  28  7:29  Probe  
  30  7:37  Pylon  
  30  7:38  Probe  
  30  7:56  Observer  
  27  8:02  Stalker  
  29  8:12  Observer  
  30  8:23  Probe  
  31  8:28  Assimilator  
  31  8:30  Probe  
  31  8:31  Assimilator  
  32  8:35  Probe  
  33  8:45  Probe  
  33  8:48  Probe  
  35  8:59  Probe  
  35  9:02  Zealot  
  38  9:06  Probe  
  39  9:13  Probe  
  40  9:18  Probe  
  41  9:25  Probe  
  41  9:31  Probe  
  42  9:38  Probe  
  44  9:49  Probe  
  45  9:56  Probe  
Tags
 
Add a new tag
Caveats
  • Supply blocks, unpowered buildings, or Contaminate may cause inaccurate times.
  • Supply counts are checked every 10 seconds.